 Dungeon Crawl Stone Soup version 0.20.0-10-g0535bb4 (webtiles) character file.

98 MTVSty1e the Chopper (level 4, -5/38 HPs)
             Began as a Draconian Skald on June 3, 2017.
             Slain by kuniqs's ghost (10 damage)
             ... on level 4 of the Dungeon.
             The game lasted 00:04:34 (3113 turns).

MTVSty1e the Chopper (Draconian Skald)              Turns: 3113, Time: 00:04:35

Health: -5/38      AC:  6    Str: 15    XL:     4   Next: 43%
Magic:  5/7        EV: 11    Int: 13    God:
Gold:   110        SH:  3    Dex: 10    Spells: 4/7 levels left

rFire    . . .     SeeInvis .   a - +0 hand axe
rCold    . . .     Gourm    .   n - +0 buckler
rNeg     . . .     Faith    .   (armour unavailable)
rPois    .         Spirit   .   (helmet restricted)
rElec    .         Reflect  .   o - +0 cloak
rCorr    .         Harm     .   (no gloves)
MR       .....                  (no boots)
Stlth    +.........             (no amulet)
Regen    0.2/turn               (no ring)
MPRegen  0.1/turn               (no ring)

@: singing
A: unfitting armour, cold-blooded, AC +5
a: no special abilities


You were on level 4 of the Dungeon.
You were hungry.

You visited 1 branch of the dungeon, and saw 4 of its levels.

You collected 110 gold pieces.

Inventory:

Hand Weapons
 a - a +0 hand axe (weapon)
Armour
 n - a +0 buckler (worn)
 o - a +0 cloak (worn)
Scrolls
 d - 2 scrolls of identify {unknown}
 f - 4 scrolls of remove curse {unknown}
 g - 2 scrolls of recharging {unknown}
 k - 2 scrolls of amnesia {unknown}
Potions
 e - 2 potions of lignification
 i - a potion of agility {unknown}
 j - 4 potions of curing
 l - 2 potions of heal wounds {unknown}
 m - a potion of degeneration {unknown}
Books
 b - a book of Battle

   Spells                             Type                      Level
   a - Infusion                       Charms                       1
   b - Shroud of Golubria             Charms/Translocation         2
   c - Song of Slaying                Charms                       2
   d - Spectral Weapon                Hexes/Charms                 3
   e - Regeneration                   Charms/Necromancy            3
Comestibles
 c - 4 bread rations
 h - 4 fruits


   Skills:
 + Level 3.2 Fighting
 * Level 3.8 Axes
 - Level 2.1 Dodging
 * Level 1.4 Shields
 - Level 2.0 Spellcasting
 - Level 2.6 Charms


You had 4 spell levels left.
You knew the following spells:

 Your Spells              Type           Power        Failure   Level  Hunger
a - Infusion              Chrm           #...         12%         1    ##.....
b - Song of Slaying       Chrm           #.......     17%         2    ###....


Dungeon Overview and Level Annotations

Branches:
Dungeon (4/15)
 Temple: D:4-7

Altars:
Yredelemnul

Shops:
D:4 :

Annotations:
D:4 kuniqs's ghost, amateur VSFi


Innate Abilities, Weirdness & Mutations

Your plain brown scales are hard. (AC +5)
You cannot fit into any form of body armour.
You are cold-blooded and may be slowed by cold attacks.


Message History

The bullfrog skeleton hits you but does no damage.
Found a scroll labeled EMOETIWNEO.
Kuniqs's ghost hits you but does no damage.
You are electrocuted!
The bullfrog skeleton hits you but does no damage.
You hit kuniqs's ghost but do no damage.
You hit the bullfrog skeleton. Kuniqs's ghost hits you!
* * * LOW HITPOINT WARNING * * *
The bullfrog skeleton barely misses you.
Kuniqs's ghost completely misses you.
You are feeling hungry.
You barely miss kuniqs's ghost.
You hit the bullfrog skeleton but do no damage.
The bullfrog skeleton barely misses you.
The bullfrog skeleton hits you.
* * * LOW HITPOINT WARNING * * *
Kuniqs's ghost hits you.
* * * LOW HITPOINT WARNING * * *
You are electrocuted!
You die...

#....# #....#
#....#
###....## ##
......? .
#....# .#
#####...Z####.#
......W@..#...#
#########...#
...###..#
..#..##..#####
....oo#......#
....oo#..###.#
....oo#.## #.#
..#..##.#
#.##### ...#
#.# #.....#


You could see kuniqs's ghost and a bullfrog skeleton.

Vanquished Creatures
  Crazy Yiuf (D:3)
  An adder (D:3)
  2 oozes (D:1)
  2 worms
  5 leopard geckos
  An orc (D:3)
  A giant cockroach (D:3)
  6 goblins
  5 hobgoblins
  A quokka (D:2)
  3 ball pythons
  6 bats
  2 frilled lizards (D:1)
  4 kobolds
  2 rats (D:1)
42 creatures vanquished.

Notes
Turn   | Place    | Note
-------+----------+-------------------------------------------
     0 | D:1      | MTVSty1e the Draconian Skald began the quest for the Orb.
     0 | D:1      | Reached XP level 1. HP: 17/17 MP: 3/3
   198 | D:1      | Reached XP level 2. HP: 13/25 MP: 5/5
   929 | D:1      | Reached XP level 3. HP: 22/30 MP: 6/6
  2056 | D:3      | Found a runed door.
  2091 | D:3      | Reached skill level 1 in Shields
  2103 | D:3      | Found a basalt altar of Yredelemnul.
  2151 | D:3      | Reached XP level 4. HP: 9/38 MP: 7/7
  2825 | D:3      | Noticed Crazy Yiuf
  2834 | D:3      | Killed Crazy Yiuf
  3075 | D:4      | Found Tuwad's Book Boutique.
  3085 | D:4      | Learned a level 2 spell: Song of Slaying
  3108 | D:4      | Noticed kuniqs's ghost (amateur VSFi)
  3113 | D:4      | Slain by kuniqs's ghost

Skill      XL: |  1  2  3 |
---------------+----------+-----
Axes           | 3 |  3.8
Fighting       | 3 |  3.2
Shields        | 1 |  1.4
Dodging        | |  2.1
Spellcasting   | |  2.0
Charms         | |  2.6

Action                   |  1- 3 |  4- 6 || total
-------------------------+-------+-------++-------
Melee: Hand axe          |   139 |    17 ||   156
       Tailslap          |    16 |     2 ||    18
 Cast: Song of Slaying   |       |     1 ||     1
  Use: Potion            |       |     1 ||     1
 Stab: Sleeping          |     2 |       ||     2
  Eat: Chunk             |     2 |       ||     2
       Royal jelly       |     1 |       ||     1
       Fruit             |       |     3 ||     3
Armor: Skin              |    39 |     9 ||    48
Dodge: Dodged            |    79 |     6 ||    85
Block: Buckler           |     5 |       ||     5
